 Dungeon Sprint DCSS version 0.17-a0-1582-ge6b0260 (webtiles) character file.

0 nuthulu the Covered (level 3, -3/24 HPs)
             Began as a Gargoyle Fighter on July 27, 2015.
             Was an Initiate of Trog.
             Slain by Sigmund
             ... wielding a +3 scythe of holy wrath
              (5 damage)
             ... in the Dungeon (Sprint VI: "Thunderdome").
             The game lasted 00:00:31 (58 turns).

nuthulu the Covered (Gargoyle Fighter)                Turns: 58, Time: 00:00:31

Health: -3/24      AC: 10    Str: 24    XL:     3   Next: 4%
Magic:  3/3        EV:  7    Int:  8    God:    Trog [......]
Gold:   32         SH: 10    Dex: 10    Spells: 0 memorised, 2 levels left

rFire  . . .     SeeInvis .     a - +0 flail
rCold  . . .     Clarity  .     b - +0 scale mail
rNeg   + . .     SustAt   .     c - +0 shield
rPois  ∞         Gourm    .     (no helmet)
rElec  +         Spirit   .     (no cloak)
rCorr  .         Warding  .     (no gloves)
rMut   .         NoTele   +     (no boots)
MR     .....                    (no amulet)
Stlth  ..........               (no ring)
                                (no ring)

@: mighty, not resistant to hostile enchantments, extremely unstealthy
A: negative energy resistance 1, electricity resistance, unbreathing,
petrification resistance, rot immunity, AC +3
a: Burn Spellbooks, Renounce Religion


You were in the Dungeon.
You worshipped Trog.
Trog was noncommittal.
You were not hungry.

You visited 1 branch You collected 200 gold pieces.
You spent 168 gold pieces at shops.

Inventory:

Hand weapons
 a - a +0 flail (weapon)
Armour
 b - a +0 scale mail (worn)
 c - a +0 shield (worn)
Magical devices
 l - a wand of cold (5)
 m - a wand of fire (5)
Scrolls
 k - 4 scrolls of blinking
 n - 3 scrolls of fog
Potions
 d - 5 potions of might
 f - a potion of curing
 g - 3 potions of heal wounds
 h - 4 potions of haste
 i - 2 potions of magic
 j - a potion of berserk rage
 o - a potion of resistance
Comestibles
 e - a bread ration


   Skills:
 + Level 4.6 Fighting
 + Level 2.6 Maces & Flails
 + Level 4.8 Armour
 + Level 4.7 Shields


You had 2 spell levels left.
You didn't know any spells.

Dungeon Overview and Level Annotations

Branches:
Dungeon (1/1)

Altars:
Cheibriados
Dithmenos
Fedhas
Gozag
Kikubaaqudgha
Makhleb
Okawaru
Qazlal
Ru
Sif Muna
Trog
Vehumet
Xom
Yredelemnul
Zin
The Shining One
Jiyva
Lugonu

Shops:
D *[%??*?*:[((!!!!

Annotations:
D Sigmund


Innate Abilities, Weirdness & Mutations

You are resistant to torment.
Your stone body is resilient (AC +3).
You are immune to poison.
You resist negative energy.
You are resistant to electric shocks.
You can survive without breathing.
You are immune to petrification.
You are immune to rotting.


Message History

You have reached level 2!
You have reached level 3!
Your experience leads to an increase in your attributes!
Your base attributes are Str 19, Int 8, Dex 9.
Increase (S)trength, (I)ntelligence, or (D)exterity?
You feel agile. Something hits you but does no damage.
Unknown command.
Something hits you.
* * * LOW HITPOINT WARNING * * *
Drink which item? (? for menu, Esc to quit)
You feel much better. Something hits you!
Drink which item? (? for menu, Esc to quit)
You feel mightier all of a sudden.
You miss something. Something hits you!
Ouch! That really hurt!
* * * LOW HITPOINT WARNING * * *
You closely miss something. You block its attack.
You completely miss something. Something hits you.
You die...

.........# #.<{# #.........
.........###...###.........
............###............
#∩........8.# #.8........∩#
##∩___......###.......__∩##
######.8.........8.######
#⌠...........⌠#
###..{......### #_@......_#
#_)......_# #_........#
#∩.......∩# ##∩.....∩##
##.....## ##⌠⌠⌠## #####


There were no monsters in sight!

Vanquished Creatures
  Terence (D)
1 creature vanquished.

Notes
Turn   | Place    | Note
--------------------------------------------------------------
     0 | D        | nuthulu the Gargoyle Fighter began the quest for the Orb.
     0 | D        | Reached XP level 1. HP: 14/14 MP: 1/1
     1 | D        | Found a radiant altar of Vehumet.
     2 | D        | Found a shimmering altar of Xom.
     2 | D        | Found a shadowy altar of Dithmenos.
     3 | D        | Found an ancient bone altar of Kikubaaqudgha.
     3 | D        | Found a corrupted altar of Lugonu.
     4 | D        | Found Vastrogeyp's Do-It-Yourself Clinic.
     4 | D        | Found a blossoming altar of Fedhas.
     4 | D        | Found Qiqaural's Distillery.
     5 | D        | Found Debrutz's Bottled Wisdom.
     5 | D        | Found Sukouf's Distillery.
     5 | D        | Round 1.
     8 | D        | Found an opulent altar of Gozag.
    12 | D        | Bought 6 potions of might for 168 gold pieces
    17 | D        | Found a basalt altar of Yredelemnul.
    17 | D        | Found Suipos's Staff Store.
    19 | D        | Found a viscous altar of Jiyva.
    19 | D        | Found a burning altar of Makhleb.
    19 | D        | Found Kocetak's Magic Scroll Shop.
    19 | D        | Found Ocwahost's Must-Have Magic.
    19 | D        | Found Caotih's Magic Scroll Shop.
    23 | D        | Found a sacrificial altar of Ru.
    24 | D        | Found a glowing silver altar of Zin.
    26 | D        | Found Jeoraz's Bee Food.
    27 | D        | Found Haibeil's Jewellery.
    27 | D        | Found Puiga's Advanced Armour.
    27 | D        | Found a snail-covered altar of Cheibriados.
    27 | D        | Found a deep blue altar of Sif Muna.
    27 | D        | Found a glowing golden altar of the Shining One.
    27 | D        | Found Baitin's Identification Station.
    27 | D        | Noticed Sigmund
    28 | D        | Noticed Terence
    40 | D        | Found a stormy altar of Qazlal.
    41 | D        | Found an iron altar of Okawaru.
    41 | D        | Found a bloodstained altar of Trog.
    41 | D        | Found Hizxiva's Weapon Rack.
    41 | D        | Found Diecatzu's Premium Goods.
    42 | D        | Found Lukak's Basic Armour.
    42 | D        | Found Zode's Miscellaneous Merchandise.
    49 | D        | Became a worshipper of Trog the Wrathful
    52 | D        | Killed Terence
    52 | D        | Reached skill level 4 in Fighting
    52 | D        | Reached XP level 2. HP: 7/20 MP: 2/2
    52 | D        | Reached XP level 3. HP: 8/24 MP: 3/3
    58 | D        | Slain by Sigmund

Vault maps used:
D:        arena_sprint

Action                   || total
-------------------------++-------
Melee: Flail             ||     5
  Use: Potion            ||     3
